 Dungeon Crawl Stone Soup version 0.25-a0-341-g6f074c887a (webtiles) character file.

Game seed: 5441650061082547879, levelgen mode: deterministic

127 Conn the Conjurer (level 5, 0/33 HPs)
             Began as an Octopode Conjurer on Dec 30, 2019.
             Slain by a hippogriff (7 damage)
             ... on level 4 of the Dungeon.
             The game lasted 00:06:15 (2889 turns).

Conn the Conjurer (Octopode Conjurer)               Turns: 2889, Time: 00:06:16

Health: 0/33       AC:  1    Str:  7    XL:     5   Next: 11%
Magic:  2/9        EV: 13    Int: 19    God:
Gold:   108        SH:  0    Dex: 12    Spells: 3/9 levels left

rFire    . . .     SeeInvis .   a - +1 spear (freeze)
rCold    . . .     Gourm    .   (no shield)
rNeg     . . .     Faith    .   (helmet restricted)
rPois    .         Spirit   .   (no amulet)
rElec    .         Reflect  .   (no ring)
rCorr    .         Harm     .   (no ring)
MR       .....                  (no ring)
Stlth    +++.......             (no ring)
HPRegen  0.11/turn              (no ring)
MPRegen  0.11/turn              (no ring)
                                (no ring)
                                (no ring)

@: no status effects
A: almost no armour, stealthy swim, amphibious, 8 rings, constrict 8, camouflage
1, gelatinous body 1
a: no special abilities


You were on level 4 of the Dungeon.
You were very hungry.

You visited 1 branch of the dungeon, and saw 4 of its levels.

You collected 108 gold pieces.

Inventory:

Hand Weapons
 a - a +1 spear of freezing (weapon)
 b - a +0 dagger
Missiles
 t - 2 atropa-tipped darts (quivered)
 u - 11 poisoned darts
 w - 3 datura-tipped darts
Armour
 s - a +0 large shield
Scrolls
 d - 2 scrolls of teleportation {unknown}
 e - a scroll of random uselessness {unknown}
 g - a scroll of magic mapping {unknown}
 k - a scroll of enchant weapon {unknown}
 l - a scroll of blinking {unknown}
 m - a scroll of identify {unknown}
 n - a scroll of immolation {unknown}
 p - a scroll of enchant armour {unknown}
 x - a scroll of amnesia {unknown}
 y - a scroll of remove curse {unknown}
Potions
 c - a potion of degeneration {unknown}
 f - a potion of agility {unknown}
 h - a potion of curing {unknown}
 j - a potion of resistance {unknown}
 o - a potion of cancellation {unknown}
 q - a potion of flight {unknown}
 r - 3 potions of brilliance {unknown}
 z - a potion of mutation {unknown}
Comestibles
 i - 4 rations


   Skills:
 * Level 1.0 Fighting
 + Level 0.3 Short Blades
 + Level 0.7 Polearms
 + Level 2.2 Dodging
 + Level 3.1 Stealth
 * Level 2.8 Spellcasting
 * Level 5.2 Conjurations


You had 3 spell levels left.
You knew the following spells:

 Your Spells              Type           Power        Failure   Level  Hunger
a - Magic Dart            Conj           ###.         1%          1    None
b - Searing Ray           Conj           ###...       2%          2    ##.....
c - Dazzling Flash        Conj/Hex       ##....       16%         3    ###....

Your spell library contained the following spells:

 Spells                   Type           Power        Failure   Level  Hunger
 Animate Skeleton         Necr           N/A          16%         1    None
 Apportation              Tloc           #.....       16%         1    None
 Confusing Touch          Hex            #.....       16%         1    None
 Summon Small Mammal      Summ           #...         16%         1    None
 Fulminant Prism          Conj/Hex       ##........   47%         4    ####...
 Iskenderun's Mystic Bla  Conj/Tloc      ##......     47%         4    ####...


Dungeon Overview and Level Annotations

Branches:
Dungeon (4/15)
 Temple: D:4-7

Altars:
Okawaru
Qazlal
Zin


Innate Abilities, Weirdness & Mutations

You cannot wear most types of armour.
You are very stealthy in the water. (Stealth+)
You are amphibious.
You can wear up to eight rings at the same time.
You can use your tentacles to constrict eight enemies at once.
Your skin changes colour to match your surroundings (Stealth+).
Your rubbery body absorbs attacks. (AC +1, EV +1)


Message History

Throwing (i - inventory. (/) - cycle)
t - 3 atropa-tipped darts (quivered)
Press: ? - help, Shift-Dir - straight line, f/p - hippogriff
Aim: a hippogriff (heavily wounded, chance to blind on hit: 3%)
You throw an atropa-tipped dart.
The atropa-tipped dart hits the hippogriff.
The hippogriff resists.
The hippogriff is heavily wounded.
The hippogriff bites you.
* * * LOW HITPOINT WARNING * * *
The hippogriff misses you. The hippogriff claws you.
* * * LOW HITPOINT WARNING * * *
You hear the slow rusting of a very distant drain.
Okay, then.
Okay, then.
Casting: Magic Dart (safe; 1% risk of failure)
Confirm with . or Enter, or press ? or * to list all spells.
The hippogriff is dazzled.
You are feeling very hungry.
The hippogriff bites you!
You die...

########## #........#
##..... #........#
...... #@H......###.
###.....
#............ ......#
#............ #....#
#....(.......
#.#....######...##...
#..)....###....##
.#####...#......#
......>.........+
#######.#####...#


You could see a hippogriff (blind).

Vanquished Creatures
  5 adders (D:2)
  An ooze (D:1)
  4 worms
  2 leopard geckos
  An orc (D:3)
  6 bats
  4 giant cockroaches
  11 goblins
  7 hobgoblins
  2 jackals (D:3)
  8 kobolds
  4 frilled lizards
  7 rats
62 creatures vanquished.

Vanquished Creatures (others)
  A goblin (D:3)
1 creature vanquished.

Grand Total: 63 creatures vanquished

Notes
Turn   | Place    | Note
-------+----------+-------------------------------------------
     0 | D:1      | Conn the Octopode Conjurer began the quest for the Orb.
     0 | D:1      | Reached XP level 1. HP: 11/11 MP: 3/3
   118 | D:1      | Reached XP level 2. HP: 10/17 MP: 0/5
   752 | D:2      | Found an iron altar of Okawaru.
   756 | D:2      | Reached XP level 3. HP: 21/21 MP: 4/6
   923 | D:2      | Learned a level 2 spell: Searing Ray
   927 | D:2      | Learned a level 3 spell: Dazzling Flash
   974 | D:2      | Reached skill level 5 in Conjurations
  1088 | D:2      | Reached XP level 4. HP: 16/27 MP: 2/7
  1558 | D:2      | Found a stormy altar of Qazlal.
  1686 | D:2      | Reached skill level 1 in Fighting
  1905 | D:2      | Found a glowing silver altar of Zin.
  2140 | D:3      | Reached XP level 5. HP: 20/33 MP: 3/9
  2356 | D:3      | Found a faded altar of an unknown god.
  2872 | D:4      | Noticed a hippogriff
  2889 | D:4      | Slain by a hippogriff

Levels and vault maps discovered:
D:1:      dpeg_arrival_pond, layout_basic
D:2:      minmay_evil_eye, layout_basic, okawaru_ov_weapons_minmay,
          grunt_qazlal_sundering, zin_statuary, minmay_misc_feat_doors
D:3:      kennysheep_the_goblin_king, layout_loops_ring,
          chequers_ecumenical_altar_simple
D:4:      kennysheep_spiral_hall, layout_basic, portal_sewer_entry_e

Skill      XL: |  1  2  3  4 |
---------------+-------------+-----
Conjurations   | 5 |  5.2
Stealth        | 3 |  3.1
Fighting       | 1 |  1.0
Short Blades   | |  0.3
Polearms       | |  0.7
Dodging        | |  2.2
Spellcasting   | |  2.8

Action                   |  1- 3 |  4- 6 || total
-------------------------+-------+-------++-------
Melee: Unarmed           |     8 |       ||     8
       Dagger            |    15 |       ||    15
       Constrict         |     6 |     5 ||    11
       Tentacles         |     3 |     3 ||     6
       Spear             |    13 |    41 ||    54
Throw: Dart              |       |     2 ||     2
 Cast: Magic Dart        |    44 |    50 ||    94
       Dazzling Flash    |       |     3 ||     3
 Stab: Sleeping          |     1 |     4 ||     5
       Distracted        |       |     1 ||     1
  Eat: Chunk             |     1 |     5 ||     6
Armor: Skin              |     1 |     4 ||     5
Dodge: Dodged            |    24 |    45 ||    69

Table legend:
 A = Non-vault XP
 B = Vault XP
 C = Vault XP percentage of total XP
 D = Non-vault monster count
 E = Vault monster count
 F = Vault count percentage of total count
                 A         B        C        D         E       F
            +---------+---------+-------+---------+---------+-------
      Total |     166 |      16 |   8.8 |      54 |       8 |  12.9
            +---------+---------+-------+---------+---------+-------
        D:1 |      38 |       0 |   0.0 |      16 |       0 |   0.0
        D:2 |     102 |       7 |   6.4 |      23 |       2 |   8.0
        D:3 |      26 |       9 |  25.7 |      15 |       6 |  28.6
            +---------+---------+-------+---------+---------+-------
